 Dungeon Crawl Stone Soup version 0.24.0-35-gdb84b6a5db (webtiles) character file.

Game seed: 5765536351737502567, levelgen mode: deterministic

1167 Nattfarinn the Transmogrifier (level 8, -7/48 HPs)
             Began as an Octopode Transmuter on Nov 18, 2019.
             Was an Initiate of the Shining One.
             Mangled by an ogre
             ... wielding a +0 giant club
              (18 damage)
             ... on level 5 of the Dungeon.
             The game lasted 00:13:33 (5731 turns).

Nattfarinn the Transmogrifier (Octopode Transmuter) Turns: 5731, Time: 00:13:34

Health: -7/48      AC:  1    Str: 11    XL:     8   Next: 40%
Magic:  11/11      EV: 13    Int: 16    God:    the Shining One [......]
Gold:   228        SH:  0    Dex: 12    Spells: 7/11 levels left

rFire    + . .     SeeInvis .   l - +1 dagger (speed)
rCold    x . .     Gourm    .   (no shield)
rNeg     . . .     Faith    .   (helmet restricted)
rPois    .         Spirit   .   (no amulet)
rElec    .         Reflect  .   r - ring of fire
rCorr    .         Harm     .   (no ring)
MR       .....                  (no ring)
Stlth    +.........             (no ring)
HPRegen  0.16/turn              (no ring)
MPRegen  0.12/turn              (no ring)
                                (no ring)
                                (no ring)

@: about to teleport, glowing
A: almost no armour, stealthy swim, amphibious, 8 rings, constrict 8, camouflage
1, gelatinous body 1
a: Renounce Religion


You were on level 5 of the Dungeon.
You worshipped the Shining One.
The Shining One was noncommittal.
You were not hungry.

You visited 2 branches of the dungeon, and saw 6 of its levels.

You collected 228 gold pieces.

Inventory:

Hand Weapons
 l - a +1 dagger of speed (weapon)
Missiles
 a - 25 arrows
Jewellery
 r - a ring of fire (left tentacle)
Wands
 j - a wand of iceblast (9)
 n - a wand of random effects (17)
 q - a wand of digging (10)
Scrolls
 b - 7 scrolls of remove curse {unknown}
 e - 3 scrolls of teleportation
 f - 10 scrolls of identify {unknown}
 k - 3 scrolls of enchant armour {unknown}
 o - a scroll of amnesia {unknown}
 t - a scroll of noise {unknown}
Potions
 d - a potion of brilliance {unknown}
 g - 3 potions of curing
 h - 2 potions of flight
 i - a potion of degeneration {unknown}
 m - a potion of might {unknown}
 p - 2 potions of resistance {unknown}
 s - a potion of haste {unknown}
 u - 2 potions of magic {unknown}
 v - a potion of lignification {unknown}
Comestibles
 c - 4 rations
 w - 7 chunks of flesh


   Skills:
 - Level 1.0 Fighting
 - Level 2.0 Dodging
 - Level 3.0 Unarmed Combat
 - Level 2.0 Spellcasting
 * Level 8.6 Transmutations
 + Level 5.7 Poison Magic


You had 7 spell levels left.
You knew the following spells:

 Your Spells              Type           Power        Failure   Level  Hunger
a - Beastly Appendage     Tmut           ####..       1%          1    #......
b - Spider Form           Tmut/Pois      ###.......   3%          3    ###....

Your spell library contained the following spells:

 Spells                   Type           Power        Failure   Level  Hunger
 Sticks to Snakes         Tmut           ####....     1%          2    ###....
 Blade Hands              Tmut           ####......   16%         5    ######.
 Ice Form                 Ice/Tmut       ###.....     34%         4    #####..


Dungeon Overview and Level Annotations

Branches:
Dungeon (5/15)             Temple (1/1) D:5

Altars:
Ashenzari
Dithmenos
Fedhas
Gozag
Hepliaklqana
Kikubaaqudgha
Makhleb
Nemelex Xobeh
Okawaru
Ru
Sif Muna
Trog
Uskayaw
Vehumet
Xom
Yredelemnul
Zin
The Shining One

Annotations:
D:5 Duvessa


Innate Abilities, Weirdness & Mutations

You cannot wear most types of armour.
You are very stealthy in the water. (Stealth+)
You are amphibious.
You can wear up to eight rings at the same time.
You can use your tentacles to constrict eight enemies at once.
Your skin changes colour to match your surroundings (Stealth+).
Your rubbery body absorbs attacks. (AC +1, EV +1)


Message History

Magic restored.
Found an escape hatch in the floor.
A centaur comes into view.
The centaur shouts!
You hear a shout! x3
An ogre comes into view. It is wielding a +0 giant club.
You hit the ogre. You squeeze the ogre!
The ogre is heavily wounded.
A centaur comes into view.
The ogre hits you with a +0 giant club!!
The centaur wields a +0 shortbow.
The centaur shoots an arrow.
The arrow hits you but does no damage.
You see here an arrow.
The centaur shoots an arrow.
The arrow hits you!
* * * LOW HITPOINT WARNING * * *
You see here an arrow.
Okay, then.
As you read the scroll labeled KOF ZIOLAXTOE, it crumbles to dust.
You feel strangely unstable.
It was a scroll of teleportation.
The ogre hits you with a +0 giant club!!
You die...

#### ... # ... .## #.#
..# ..##.# #.#.# #cO.##
..# #c..#@.# #..
#...##..# .. ##.##...###
.# ..........####.##
###....#.........####
#...######.........#
#.#.## ###..####.
#########.#..# #####.##
#............####.###..#


You could see an ogre and a centaur.

Vanquished Creatures
  Pikel (D:5)
  Edmund (D:5)
  A phantom (D:4)
  2 slaves (D:5)
  A centaur (D:5)
  3 ogres (D:5)
  Ijyb (D:5)
  Terence (D:2)
  4 gnolls
  5 adders
  An adder zombie (D:5)
  2 worms (D:2)
  A dart slug (D:1)
  3 leopard geckos
  5 orcs
  3 giant cockroaches (D:1)
  4 goblins
  7 hobgoblins
  5 jackals
  6 kobolds
  A quokka (D:5)
  7 bats
  3 frilled lizards
  A leopard gecko skeleton (D:4)
  7 rats
76 creatures vanquished.

Vanquished Creatures (others)
  2 slaves (D:5)
2 creatures vanquished.

Grand Total: 78 creatures vanquished

Notes
Turn   | Place    | Note
-------+----------+-------------------------------------------
     0 | D:1      | Nattfarinn the Octopode Transmuter began the quest for the
                  | Orb.
     0 | D:1      | Reached XP level 1. HP: 13/13 MP: 3/3
   218 | D:1      | Reached XP level 2. HP: 16/18 MP: 5/5
   344 | D:1      | Reached skill level 3 in Transmutations
   859 | D:1      | Reached XP level 3. HP: 18/23 MP: 4/6
  1286 | D:1      | Learned a level 3 spell: Spider Form
  1520 | D:2      | Noticed Terence
  1538 | D:2      | Killed Terence
  1538 | D:2      | Reached skill level 4 in Transmutations
  1538 | D:2      | Reached XP level 4. HP: 17/28 MP: 4/7
  2269 | D:2      | You fall into a shaft and drop 2 floors!
  2350 | D:3      | Found a basalt altar of Yredelemnul.
  2403 | D:2      | Reached skill level 5 in Transmutations
  2534 | D:3      | Reached XP level 5. HP: 29/33 MP: 8/8
  3118 | D:4      | Found a radiant altar of Vehumet.
  3118 | D:4      | Found a shadowy altar of Dithmenos.
  3118 | D:4      | Found a shattered altar of Ashenzari.
  3118 | D:4      | Found a glowing silver altar of Zin.
  3120 | D:4      | Found a sparkling altar of Nemelex Xobeh.
  3120 | D:4      | Found a sacrificial altar of Ru.
  3257 | D:4      | Found a shimmering altar of Xom.
  3371 | D:4      | Noticed a phantom
  3498 | D:4      | Killed a phantom
  3498 | D:4      | Reached XP level 6. HP: 34/38 MP: 9/9
  3883 | D:4      | Found a shimmering blue altar of Sif Muna.
  4010 | D:4      | Reached skill level 6 in Transmutations
  4055 | D:5      | Entered Level 5 of the Dungeon
  4061 | D:5      | Found a staircase to the Ecumenical Temple.
  4081 | Temple   | Entered the Ecumenical Temple
  4222 | Temple   | Became a worshipper of the Shining One
  4245 | D:5      | Noticed a slave
  4247 | D:5      | Noticed a slave
  4248 | D:5      | Noticed a slave
  4276 | D:5      | Killed a slave
  4497 | D:5      | Killed a slave
  4740 | D:5      | Noticed Pikel
  4748 | D:5      | Noticed a slave
  4768 | D:5      | Killed Pikel
  4768 | D:5      | Reached skill level 7 in Transmutations
  4768 | D:5      | Reached XP level 7. HP: 36/43 MP: 8/10
  4778 | D:5      | The Shining One protects you from harm!
  4782 | D:5      | Reached skill level 8 in Transmutations
  4782 | D:5      | Reached skill level 5 in Poison Magic
  4782 | D:5      | Reached XP level 8. HP: 9/48 MP: 6/11
  5082 | D:5      | Noticed Ijyb
  5087 | D:5      | Noticed Edmund
  5090 | D:5      | Noticed Duvessa
  5540 | D:5      | Killed Ijyb
  5540 | D:5      | Killed Edmund
  5731 | D:5      | Mangled by an ogre

Levels and vault maps discovered:
D:1:      sevenhm_arrival_forest_fort_small_6, layout_basic
D:2:      layout_rooms, serial_bayou_pond_c, uniq_terence
D:3:      layout_loops_ring, overflow_temple_1_default, first_ration
D:4:      layout_loops_ring, led_sif_pool, grunt_temple_overflow_open
D:5:      layout_rooms, kennysheep_little_box, minmay_temple_entry_junction,
          minmay_manual_mares, uniq_edmund, uniq_ijyb, uniq_pikel, uniq_duvessa
Temple:   nicolae_temple_figure_zero

Skill      XL: |  1  2  3  4  5  6  7 |
---------------+----------------------+-----
Transmutations | 3 4 5 7 8 |  8.6
Poison Magic   | 2 4 5 |  5.7
Fighting       | |  1.0
Dodging        | |  2.0
Unarmed Combat | |  3.0
Spellcasting   | |  2.0

Action                   |  1- 3 |  4- 6 |  7- 9 || total
-------------------------+-------+-------+-------++-------
Melee: Unarmed           |    88 |    43 |    26 ||   157
       Constrict         |    20 |    24 |     1 ||    45
       Tentacles         |    11 |    27 |     2 ||    40
       Punch             |     3 |     5 |     1 ||     9
       Kick              |     2 |       |       ||     2
       Dagger            |       |   145 |     9 ||   154
 Cast: Beastly Appendage |     1 |       |       ||     1
       Spider Form       |     1 |     2 |     5 ||     8
  Use: Potion            |       |     7 |     2 ||     9
       Scroll            |       |       |     1 ||     1
 Stab: Sleeping          |     4 |     7 |       ||    11
       Distracted        |       |     1 |       ||     1
  Eat: Chunk             |     2 |     5 |     2 ||     9
       Ration            |       |     2 |       ||     2
Armor: Skin              |     8 |    10 |     1 ||    19
Dodge: Dodged            |    58 |    92 |    42 ||   192
